 Dungeon Crawl Stone Soup version 0.22.0 (webtiles) character file.

1728 Lew the Skirmisher (level 9, 77/77 (78) HPs)
             Began as a Ghoul Fighter on Aug 10, 2018.
             Was a Follower of Makhleb.
             Quit the game on level 6 of the Dungeon on Aug 11, 2018.
             The game lasted 00:25:18 (6502 turns).

Lew the Skirmisher (Ghoul Fighter)                  Turns: 6502, Time: 00:25:19

HP:   77/77 (78)    AC: 15    Str: 22    XL:     9   Next: 5%
MP:   8/8           EV:  7    Int:  3    God:    Makhleb [*.....]
Gold: 281           SH: 10    Dex:  9    Spells: 8/8 levels left

rFire    + . .     SeeInvis .     - Unarmed
rCold    . . .     Gourm    .   b - +0 shield
rNeg     + + +     Faith    +   a - +0 scale mail
rPois    ∞         Spirit   .   u - +2 helmet
rElec    .         Reflect  .   l - scarf {repulsion}
rCorr    .         Harm     .   f - +2 pair of gloves
MR       .....                  i - +0 pair of boots
Stlth    +.........             h - amulet of faith
HPRegen  0.22/turn              q - ring of fire
MPRegen  0.11/turn              (no ring)

@: rotting, repel missiles
A: rotting body, claws 1, carnivore, cold resistance 1, negative energy
resistance 3, inhibited regeneration, torment resistance, unbreathing
a: Renounce Religion


You were on level 6 of the Dungeon.
You worshipped Makhleb.
Makhleb was aware of your devotion.
You were not hungry.

You visited 2 branches of the dungeon, and saw 7 of its levels.

You collected 281 gold pieces.

Inventory:

Missiles
 t - 9 tomahawks (quivered)
Armour
 a - a +0 scale mail (worn)
 b - a +0 shield (worn)
 f - a +2 pair of gloves (worn)
 i - a +0 pair of boots (worn)
 l - a scarf of repulsion (worn)
 u - a +2 helmet (worn)
Jewellery
 h - an amulet of faith (around neck)
 q - a ring of fire (left hand)
 x - an uncursed amulet of regeneration {unknown}
Wands
 m - a wand of flame (16)
 n - a wand of iceblast (12)
 w - a wand of random effects (35)
Scrolls
 g - 4 scrolls of remove curse
 k - 5 scrolls of amnesia
 o - a scroll of teleportation
 p - 2 scrolls of magic mapping
 r - a scroll of identify
 s - a scroll of fog
 v - a scroll of fear
Potions
 c - a potion of might
 e - 2 potions of flight
 j - 3 potions of curing
Comestibles
 d - 9 rations


   Skills:
 + Level 6.4 Fighting
 + Level 5.3 Armour
 + Level 5.8 Stealth
 + Level 5.2 Shields
 + Level 5.9 Unarmed Combat


You had 8 spell levels left.
You didn't know any spells.
Your spell library was empty.

Dungeon Overview and Level Annotations

Branches:
Dungeon (6/15)             Temple (1/1) D:5

Altars:
Ashenzari
Cheibriados
Dithmenos
Elyvilon
Fedhas
Gozag
Hepliaklqana
Kikubaaqudgha
Makhleb
Nemelex Xobeh
Okawaru
Qazlal
Ru
Sif Muna
Trog
Uskayaw
Vehumet
Wu Jian
Xom
Yredelemnul
Zin
The Shining One

Shops:
D:4 [

Annotations:
D:6 3 runed doors, ThereIsNoGod's ghost, novice DrTm


Innate Abilities, Weirdness & Mutations

Your body is rotting away.
You thrive on raw meat.
You are immune to poison.
You have sharp fingernails.
You are carnivorous and can eat meat at any time.
Your flesh is cold resistant. (rC+)
You are immune to negative energy. (rN+++)
You do not regenerate when monsters are visible.
You are immune to unholy pain and torment.
You can survive without breathing.


Message History

A shadow imp is nearby!
Found a scroll of amnesia.
You barely miss the shadow imp. You block the shadow imp's attack.
You closely miss the shadow imp. You block the shadow imp's attack.
You hit the shadow imp.
The shadow imp is heavily wounded.
You block the shadow imp's attack.
You hit the shadow imp but do no damage.
The shadow imp is heavily wounded.
You block the shadow imp's attack.
You hit the shadow imp.
You kill the shadow imp!
Makhleb accepts your kill.
No target in view!
k - 5 scrolls of amnesia (gained 1)
You see here a throwing net.
Key pressed, stopping explore.
You feel your flesh rotting away.
Partly explored, can't reach some items.
Are you sure you want to abandon this character and quit the game? (Confirm with "yes".)

#### ### ...### #.#
...>.### #.#
#####..## #.#
##..### #.#
##...###.####
########....#....##
.............###@.#
........<....# ####
.............#
########.....##
##...#..##
#...##...##
##..###....##
##...# #..#..#
#...## #..####


There were no monsters in sight!

Vanquished Creatures
  A hippogriff (D:6)
  Sigmund (D:4)
  A sky beast (D:6)
  2 ogres
  2 centaurs
  2 bullfrogs (D:6)
  Blork the orc (D:5)
  4 wights (D:6)
  A crimson imp (D:5)
  An orc priest (D:6)
  A centaur skeleton (D:6)
  3 hounds
  Ijyb (D:3)
  3 iguanas
  5 worker ants
  4 gnolls (D:5)
  9 adders
  A shadow imp (D:6)
  An ooze (D:4)
  An adder skeleton (D:6)
  A worm (D:2)
  7 leopard geckos
  3 orcs
  9 bats
  5 giant cockroaches
  9 goblins
  6 hobgoblins
  4 jackals
  6 kobolds
  A quokka (D:2)
  2 ball pythons
  7 frilled lizards
  A giant cockroach zombie (D:6)
  2 leopard gecko skeletons
  9 rats
117 creatures vanquished.

Vanquished Creatures (others)
  5 plants (D:5)
5 creatures vanquished.

Grand Total: 122 creatures vanquished

Notes
Turn   | Place    | Note
-------+----------+-------------------------------------------
     0 | D:1      | Lew the Ghoul Fighter began the quest for the Orb.
     0 | D:1      | Reached XP level 1. HP: 19/19 MP: 0/0
    72 | D:1      | Reached XP level 2. HP: 24/26 MP: 1/1
   519 | D:1      | Reached skill level 1 in Stealth
  1190 | D:2      | Reached XP level 3. HP: 29/30 MP: 2/2
  1757 | D:2      | Reached XP level 4. HP: 35/40 MP: 3/3
  2193 | D:3      | Noticed Ijyb
  2246 | D:3      | Killed Ijyb
  2246 | D:3      | Reached skill level 4 in Fighting
  2246 | D:3      | Reached XP level 5. HP: 29/45 MP: 4/4
  2891 | D:4      | Noticed Sigmund
  3147 | D:4      | Killed Sigmund
  3147 | D:4      | Reached XP level 6. HP: 8/53 MP: 5/5
  3521 | D:4      | Found a blossoming altar of Fedhas.
  3607 | D:4      | Found an opulent altar of Gozag.
  3645 | D:4      | Reached XP level 7. HP: 46/59 MP: 6/6
  3929 | D:4      | Found Mob Enaynt's Armour Shoppe.
  3983 | D:5      | Entered Level 5 of the Dungeon
  4012 | D:5      | Reached skill level 5 in Fighting
  4037 | D:5      | Noticed Blork the orc
  4046 | D:5      | Killed Blork the orc
  4226 | D:5      | Found a staircase to the Ecumenical Temple.
  4330 | Temple   | Entered the Ecumenical Temple
  4592 | Temple   | Became a worshipper of Makhleb the Destroyer
  5187 | D:5      | Reached XP level 8. HP: 65/69 MP: 7/7
  5292 | D:6      | Reached skill level 5 in Unarmed Combat
  5476 | D:6      | Reached skill level 5 in Stealth
  5504 | D:6      | Reached skill level 6 in Fighting
  5518 | D:6      | Reached * piety under Makhleb
  5561 | D:6      | Reached skill level 5 in Armour
  5561 | D:6      | Reached skill level 5 in Shields
  5628 | D:6      | Noticed a hippogriff
  5649 | D:6      | Killed a hippogriff
  5909 | D:6      | Found a runed gate.
  5910 | D:6      | Found a runed gate.
  5915 | D:6      | Found a runed gate.
  5922 | D:6      | Noticed ThereIsNoGod's ghost (novice DrTm)
  6053 | D:6      | Reached XP level 9. HP: 63/78 MP: 8/8
  6502 | D:6      | Quit the game

Skill      XL: |  1  2  3  4  5  6  7  8 |
---------------+-------------------------+-----
Stealth        | 1 2 3 4 5 |  5.8
Shields        | 3 4 5 |  5.2
Armour         | 3 4 5 |  5.3
Unarmed Combat | 3 4 5 |  5.9
Fighting       | 4 5 6 |  6.4

Action                   |  1- 3 |  4- 6 |  7- 9 || total
-------------------------+-------+-------+-------++-------
Melee: Unarmed           |   191 |   225 |   328 ||   744
  Use: Scroll            |       |     9 |     5 ||    14
       Potion            |       |     1 |     2 ||     3
  Eat: Chunk             |     8 |    13 |    25 ||    46
       Ration            |       |       |     1 ||     1
Armor: Scale mail        |   116 |   126 |   138 ||   380
Dodge: Dodged            |    49 |    74 |    90 ||   213
       Deflected         |       |     5 |     4 ||     9
Block: Shield            |    75 |    90 |   157 ||   322
